 Dungeon Crawl Stone Soup version 0.31.0-11-ge490571c62 (webtiles) character file.

Game seed: 928546468385369163

150 monsoonserge the Cudgeller (level 5, 0/43 HPs)
             Began as a Gnoll Reaver on Feb 1, 2024.
             Slain by a goblin
             ... wielding a +0 club
             ... led by Robin
              (4 damage)
             ... on level 3 of the Dungeon.
             The game lasted 00:07:13 (2317 turns).

monsoonserge the Cudgeller (Gnoll Reaver)           Turns: 2317, Time: 00:07:13

Health: 0/43       AC:  6    Str: 11    XL:     5   Next: 32%
Magic:  12/12      EV: 11    Int: 15    God:
Gold:   136        SH:  0    Dex: 10    Spells: 13/14 levels left

rFire   . . .        q - +0 great mace
rCold   . . .        (shield currently unavailable)
rNeg    . . .        f - +0 ring mail
rPois   .            o - +0 helmet
rElec   .            (no cloak)
rCorr   .            (no gloves)
SInv    .            (no boots)
Will    .....        (no amulet)
Stlth   +            j - ring of flight
HPRegen 0.27/turn    (no ring)
MPRegen 0.13/turn

%: no passive effects
@: mighty, flying
A: fangs 1, strong nose, distributed training
a: no special abilities


You were on level 3 of the Dungeon.
You visited 1 branch of the dungeon, and saw 3 of its levels.

You collected 136 gold pieces.

Inventory:

Hand Weapons
 l - a +0 flail
 q - a +0 great mace (weapon)
Missiles
 a - a throwing net
Armour
 b - a +0 leather armour
 f - a +0 ring mail (worn)
 n - a +0 scale mail
 o - a +0 helmet (worn)
Jewellery
 j - a ring of flight (left hand)
Talismans
 g - a serpent talisman
Scrolls
 c - a scroll of identify {unknown}
 h - 2 scrolls of teleportation {unknown}
 k - a scroll of enchant armour {unknown}
Potions
 d - 2 potions of curing
 e - a potion of might
 m - a potion of lignification {unknown}
 p - a potion of berserk rage {unknown}


   Skills:
 + Level 4.8 Fighting
 + Level 1.5 Short Blades
 + Level 1.5 Long Blades
 + Level 1.5 Axes
 + Level 6.7 Maces & Flails
 + Level 1.5 Polearms
 + Level 1.5 Staves
 + Level 1.5 Ranged Weapons
 + Level 1.5 Throwing
 + Level 1.5 Armour
 + Level 4.8 Dodging
 + Level 1.5 Stealth
 + Level 1.5 Shields
 + Level 1.5 Unarmed Combat
 + Level 5.2 Spellcasting
 + Level 5.5 Conjurations
 + Level 1.2 Hexes
 + Level 1.2 Summonings
 + Level 1.2 Necromancy
 + Level 1.2 Translocations
 + Level 1.2 Fire Magic
 + Level 1.2 Ice Magic
 + Level 1.2 Air Magic
 + Level 1.2 Earth Magic
 + Level 1.2 Alchemy
 + Level 1.7 Invocations
 + Level 1.5 Evocations
 + Level 1.3 Shapeshifting


You had 13 spell levels left.
You knew the following spells:

 Your Spells              Type           Power      Damage    Failure   Level
a - Kiss of Death         Conj/Necr      56%        2d9       10%         1

Your spell library contained the following spells:

 Spells                   Type           Power      Damage    Failure   Level
 Momentum Strike          Conj/Tloc      28%        3d8       14%         2
 Hailstorm                Conj/Ice       14%        3d6       28%         3
 Tukima's Dance           Hex            7%         N/A       56%         3
 Passage of Golubria      Tloc           7%         N/A       92%         4
 Yara's Violent Unravell  Hex/Alch       3%         3d4       99%         5


Dungeon Overview and Level Annotations

Branches:
Dungeon (3/15)

Altars:

Annotations:
D:3 Robin


Innate Abilities, Weirdness & Mutations

You have very sharp teeth.
Your uncanny sense of smell can sniff out nearby items.
Your experience applies equally to all skills.


Message History

The goblin hits you but does no damage.
You sock the goblin!
You kill the goblin!
The goblin no longer looks unusually strong.
The goblin barely misses you. The goblin misses you.
The goblin barely misses you. The goblin hits you with a +0 club.
* * * LOW HITPOINT WARNING * * *
Unknown command.
You barely miss the goblin. The goblin closely misses you.
The goblin misses you. Robin throws the goblin at you!
The goblin hits you but does no damage. x2
You barely miss the goblin. The goblin hits you but does no damage.
The goblin closely misses you.
The goblin hits you but does no damage. x2
The goblin barely misses you. x2
You closely miss the goblin. The goblin closely misses you. x2
The goblin hits you with a +0 club.
* * * LOW HITPOINT WARNING * * *
The goblin misses you. The goblin hits you but does no damage.
The goblin closely misses you.
Unknown command.
You closely miss the goblin.
The goblin no longer looks unusually strong.
The goblin hits you with a +0 club.
* * * LOW HITPOINT WARNING * * *
The goblin barely misses you. The goblin hits you with a +0 dagger.
* * * LOW HITPOINT WARNING * * *
The goblin hits you but does no damage.
You feel better. The goblin hits you but does no damage.
The goblin closely misses you. x2; The goblin hits you but does no damage.
You bludgeon the goblin!!
You kill the goblin!
The goblin no longer looks unusually strong.
The goblin hits you with a +0 club.
* * * LOW HITPOINT WARNING * * *
The goblin hits you with a +0 club.
* * * LOW HITPOINT WARNING * * *
Robin throws the goblin at you! The goblin hits you with a +0 club.
* * * LOW HITPOINT WARNING * * *
The goblin hits you but does no damage. The goblin hits you with a +0 club.
You die...

##≈≈≈≈...≈≈≈≈#####
#≈≈≈##'''##≈≈≈≈≈≈##
#≈≈≈#.....#≈≈≈≈≈≈≈##
#...#.).†.#.....≈≈≈#
#...#.....#......≈≈#
##'##.....##'##..≈≈#
#...#.....#...#..≈≈#
#.gg#(....#...#..≈≈#
#.g@#.....#...#..≈≈#
##)##.....##'##..≈≈#
#.g.)....))..#...≈≈#
#............#...≈≈#
#...##########...≈≈#
#...#....... ####≈≈#
#..gg.gg:g.. ∆∆∆ ≈≈#
#...'...g... ∆∆∆ ≈≈#
############ ###


You could see Robin and 3 goblins.

Vanquished Creatures
  4 gnolls
  2 adders (D:3)
  A ribbon worm (D:3)
  An orc (D:3)
  7 ball pythons
  6 bats
  4 endoplasms
  2 giant cockroaches (D:1)
  20 goblins
  8 hobgoblins
  11 jackals
  2 quokkas
  4 frilled lizards
  4 kobolds
  5 rats
81 creatures vanquished.

Notes
Turn   | Place    | Note
-------+----------+-------------------------------------------
     0 | D:1      | monsoonserge the Gnoll Reaver began the quest for the Orb.
     0 | D:1      | Reached XP level 1. HP: 20/20 MP: 6/6
    92 | D:1      | Reached XP level 2. HP: 26/26 MP: 7/7
   373 | D:1      | Reached skill level 5 in Spellcasting
   373 | D:1      | Reached XP level 3. HP: 31/31 MP: 7/9
   777 | D:2      | Reached skill level 1 in Invocations
   960 | D:2      | Reached skill level 1 in Short Blades
   960 | D:2      | Reached skill level 1 in Long Blades
   960 | D:2      | Reached skill level 1 in Axes
   960 | D:2      | Reached skill level 1 in Polearms
   960 | D:2      | Reached skill level 1 in Staves
   960 | D:2      | Reached skill level 1 in Ranged Weapons
   960 | D:2      | Reached skill level 1 in Throwing
   960 | D:2      | Reached skill level 1 in Armour
   960 | D:2      | Reached skill level 1 in Stealth
   960 | D:2      | Reached skill level 1 in Shields
   960 | D:2      | Reached skill level 1 in Unarmed Combat
   960 | D:2      | Reached skill level 1 in Evocations
  1312 | D:3      | Reached skill level 1 in Shapeshifting
  1312 | D:3      | Reached XP level 4. HP: 24/38 MP: 11/11
  1642 | D:2      | Reached skill level 1 in Hexes
  1642 | D:2      | Reached skill level 1 in Summonings
  1642 | D:2      | Reached skill level 1 in Necromancy
  1642 | D:2      | Reached skill level 1 in Translocations
  1642 | D:2      | Reached skill level 1 in Fire Magic
  1642 | D:2      | Reached skill level 1 in Ice Magic
  1642 | D:2      | Reached skill level 1 in Air Magic
  1642 | D:2      | Reached skill level 1 in Earth Magic
  1642 | D:2      | Reached skill level 1 in Alchemy
  1909 | D:3      | Reached XP level 5. HP: 32/40 MP: 12/12
  2283 | D:3      | Noticed Robin
  2306 | D:3      | HP: 2/43 [goblin/+0 club[Robin] (3)]
  2315 | D:3      | HP: 1/43 [goblin/+0 dagger[Robin] (5)]
  2317 | D:3      | Slain by a goblin

Illustrated notes

Levels and vault maps discovered:
D:1:      dpeg_arrival_simpleton_c, layout_loops_cross
D:2:      layout_basic, feat_on_display
D:3:      kennysheep_goblin_castle, layout_basic

Skill      XL: |  1  2  3  4 |
---------------+-------------+-----
Spellcasting   | 5 |  5.2
Invocations    | 1 |  1.7
Short Blades   | 1 |  1.5
Long Blades    | 1 |  1.5
Axes           | 1 |  1.5
Polearms       | 1 |  1.5
Staves         | 1 |  1.5
Ranged Weapons | 1 |  1.5
Throwing       | 1 |  1.5
Armour         | 1 |  1.5
Stealth        | 1 |  1.5
Shields        | 1 |  1.5
Unarmed Combat | 1 |  1.5
Evocations     | 1 |  1.5
Shapeshifting  | 1 |  1.3
Hexes          | 1 |  1.2
Summonings     | 1 |  1.2
Necromancy     | 1 |  1.2
Translocations | 1 |  1.2
Fire Magic     | 1 |  1.2
Ice Magic      | 1 |  1.2
Air Magic      | 1 |  1.2
Earth Magic    | 1 |  1.2
Alchemy        | 1 |  1.2
Fighting       | |  4.8
Maces & Flails | |  6.7
Dodging        | |  4.8
Conjurations   | |  5.5

Action                     |  1- 3 |  4- 6 || total
---------------------------+-------+-------++-------
  Melee: Mace              |   143 |    50 ||   193
         Bite              |    15 |    10 ||    25
         Punch             |     2 |       ||     2
         Flail             |       |    58 ||    58
         Great mace        |       |    22 ||    22
   Cast: Kiss of Death     |       |     1 ||     1
    Use: Potion            |       |     4 ||     4
 Armour: Leather armour    |    25 |       ||    25
         Ring mail         |    56 |   152 ||   208
  Dodge: Dodged            |   133 |   132 ||   265
